 Dungeon Crawl Stone Soup version 0.29-a0-857-g9b1aa3ac5b (webtiles) character file.

Game seed: 14632585497578358356

8 LynnLen the Sneak (level 2, 0/16 HPs)
             Began as a Vampire Enchanter on July 17, 2022.
             Slain by a bat (1 damage)
             ... on level 1 of the Dungeon.
             The game lasted 00:00:53 (242 turns).

LynnLen the Sneak (Vampire Enchanter)                Turns: 242, Time: 00:00:54

Health: 0/16       AC:  3    Str:  7    XL:     2   Next: 0%
Magic:  5/5        EV: 11    Int: 17    God:
Gold:   20         SH:  0    Dex: 14    Spells: 5/5 levels left

rFire   . . .      SeeInvis +   a - +1 dagger
rCold   + + .      Faith    .   (no shield)
rNeg    + + +      Spirit   .   d - +0 leather armour
rPois   ∞          Reflect  .   (no helmet)
rElec   .          Harm     .   (no cloak)
rCorr   .          Rampage  .   (no gloves)
Will    .....                   (no boots)
Stlth   +++++.....              (no amulet)
HPRegen 0.00/turn               (no ring)
MPRegen 0.09/turn               (no ring)

@: bloodless, inhibited regen, invisible
A: bloodless, fangs 3, see invisible, vampiric 1
a: Revivify


You were on level 1 of the Dungeon.
You visited 1 branch of the dungeon, and saw 1 of its levels.

You collected 20 gold pieces.

Inventory:

Hand Weapons
 a - a +1 dagger (weapon)
Armour
 d - a +0 leather armour (worn)
Scrolls
 b - a scroll of identify {unknown}
Potions
 c - a potion of invisibility
 e - a potion of flight {unknown}


   Skills:
 * Level 0.3 Fighting
 * Level 1.3 Short Blades
 + Level 2.2 Dodging
 + Level 4.8 Stealth
 - Level 2.1 Spellcasting
 - Level 4.4 Hexes


You had 5 spell levels left.
You didn't know any spells.
Your spell library contained the following spells:

 Spells                   Type           Power      Damage    Failure   Level
 Confusing Touch          Hex            16%        N/A       14%         3
 Tukima's Dance           Hex            16%        N/A       14%         3
 Ensorcelled Hibernation  Hex/Ice        18%        N/A       19%         2
 Dazzling Flash           Conj/Hex       18%        N/A       34%         3


Dungeon Overview and Level Annotations

Branches:
Dungeon (1/15)

Altars:


Innate Abilities, Weirdness & Mutations

You do not regenerate when monsters are visible.
You are frail without blood (-20% HP).
You can heal yourself when you bite living creatures.
You are immune to poison.
You have razor-sharp teeth.
You have supernaturally acute eyesight. (SInv)
You are afflicted with vampirism.


Message History

A hobgoblin comes into view.
Found a bubbling orange potion.
The bat barely misses you.
The hobgoblin shouts!
The bat attacks as you move away! The bat hits you but does no damage.
The quokka attacks as you move away! The quokka bites you.
The bat barely misses you. x2
The bat barely misses you. The bat attacks as you move away!
The bat hits you but does no damage. The bat closely misses you.
The bat hits you but does no damage.
You hit the bat.
The bat is moderately wounded.
The bat barely misses you. The bat closely misses you. x2
The bat barely misses you. The bat misses you. The bat closely misses you.
The hobgoblin hits you.
You fade into invisibility!
The bat hits you but does no damage. The bat misses you.
The bat closely misses you. The hobgoblin misses you.
The bat hits you but does no damage.
You completely miss the bat. The bat completely misses you.
The bat closely misses you. The hobgoblin misses you.
The bat hits you but does no damage. The bat hits you.
* * * LOW HITPOINT WARNING * * *
The bat hits you.
* * * LOW HITPOINT WARNING * * *
The bat hits you but does no damage.
You closely miss the bat. The bat hits you.
* * * LOW HITPOINT WARNING * * *
The bat misses you. The bat hits you but does no damage.
The bat hits you but does no damage. The bat closely misses you.
You hit the bat.
You kill the bat!
The bat closely misses you. The bat hits you but does no damage.
You have reached level 2!
You hit the bat.
The bat is moderately wounded.
The bat closely misses you.
You barely miss the bat.
The bat is moderately wounded.
The bat closely misses you. The bat hits you.
You die...

#.# #.#.# #.#
........(..
##.#.#.#.#
#........
##.#>#.#.#...
#......)....≈
.!.#.#.#.#.#...
#####.#...
#.@brg#.###
#.###.#.#
#.#####.#
#.......#
##.###### #.#
#.## #..# ##≈##


You could see a quokka (wandering, unable to see you), a hobgoblin (unable to
see you) and a bat.

Vanquished Creatures
  A dart slug (D:1)
  A bat (D:1)
  2 kobolds (D:1)
  A quokka (D:1)
  A ball python (D:1)
6 creatures vanquished.

Notes
Turn   | Place    | Note
-------+----------+-------------------------------------------
     0 | D:1      | LynnLen the Vampire Enchanter began the quest for the Orb.
     0 | D:1      | Reached XP level 1. HP: 13/13 MP: 3/3
   241 | D:1      | Reached XP level 2. HP: 1/16 MP: 5/5
   242 | D:1      | Slain by a bat

Illustrated notes

Levels and vault maps discovered:
D:1:      scummos_arrival_star, layout_basic, serial_rivers,
          chequers_serial_rivers_marsh, chequers_serial_rivers_micro_a,
          chequers_serial_rivers_small_b, chequers_serial_rivers_marsh,
          st_stairs_9, chequers_serial_rivers_micro_a

Action                   || total
-------------------------++-------
Melee: Dagger            ||    12
 Abil: Exsanguinate      ||     1
  Use: Potion            ||     1
 Stab: Sleeping          ||     4
Armor: Leather armour    ||    10
Dodge: Dodged            ||    23

Table legend: (Time is in decaauts)
 A = Elapsed time spent in this place.
 B = Non-inter-level travel time spent in this place.
 C = Inter-level travel time spent in this place.
 D = Time resting spent in this place.
 E = Time spent auto-exploring this place.
 F = Levels seen in this place.
 G = Mean time per level.
                   A        B        C        D        E       F      G
               +--------+--------+--------+--------+--------+-----+--------+
         Total |    243 |    243 |      0 |      0 |    174 |   1 |  243.0 |
       Dungeon |    243 |    243 |      0 |      0 |    174 |   1 |  243.0 |
               +--------+--------+--------+--------+--------+-----+--------+

Top non-repeatable levels by time:
     D:1: 243 daAuts
